 Dungeon Crawl Stone Soup version 0.17.1-3-g152610e (webtiles) character file.

137 juanjsm the Stinger (level 5, -3/24 HPs)
             Began as a Spriggan Venom Mage on Apr 21, 2016.
             Killed from afar by an orc wizard (5 damage)
             ... with a magic dart
             ... on level 3 of the Dungeon.
             The game lasted 00:13:17 (2272 turns).

juanjsm the Stinger (Spriggan Venom Mage)           Turns: 2272, Time: 00:13:18

Health: -3/24      AC:  2    Str:  4    XL:     5   Next: 0%
Magic:  1/11       EV: 19    Int: 18    God:
Gold:   182        SH:  0    Dex: 16    Spells: 3 memorised, 5 levels left

rFire  . . .     SeeInvis +     h - +0 dagger
rCold  . . .     Clarity  +     a - +0 robe
rNeg   . . .     SustAt   .     (shield restricted)
rPois  .         Gourm    .     (helmet restricted)
rElec  .         Spirit   .     (no cloak)
rCorr  .         Warding  .     (gloves unavailable)
rMut   .         Stasis   .     (boots unavailable)
MR     .....                    p - amulet of clarity
Stlth  +++.......               (no ring)
                                (no ring)

@: very slightly contaminated, slowed, quick, not resistant to hostile
enchantments, fairly stealthy
A: unfitting armour, see invisible, herbivore 3, speed 3, slow metabolism 2
a: no special abilities


You were on level 3 of the Dungeon.
You were not hungry.

You visited 1 branch of the dungeon, and saw 4 of its levels.

You collected 182 gold pieces.

Inventory:

Hand Weapons
 h - a +0 dagger (weapon)
 l - a +0 hunting sling of flaming
Missiles
 f - 59 stones (quivered)
Armour
 a - a +0 robe (worn)
Jewellery
 p - an amulet of clarity (around neck)
Scrolls
 d - 6 scrolls of teleportation {unknown}
 g - a scroll of remove curse {unknown}
 i - 3 scrolls of identify {unknown}
 j - a scroll of fog {unknown}
 k - a scroll of fear {unknown}
 o - a scroll of immolation {unknown}
Potions
 e - a potion of curing {unknown}
 m - a potion of poison {unknown}
 n - a potion of heal wounds {unknown}
Books
 b - a Young Poisoner's Handbook

   Spells                             Type                      Level
   a - Sting                          Conjuration/Poison           1
   b - Cure Poison                    Poison                       2
   c - Mephitic Cloud                 Conjuration/Poison/Air       3
   d - Olgreb's Toxic Radiance        Poison                       4
   e - Venom Bolt                     Conjuration/Poison           5
Comestibles
 c - a bread ration


   Skills:
 + Level 0.2 Fighting
 + Level 0.4 Short Blades
 + Level 0.5 Slings
 + Level 4.0 Dodging
 + Level 3.9 Stealth
 + Level 3.5 Spellcasting
 + Level 1.2 Conjurations
 + Level 4.7 Poison Magic


You had 5 spell levels left.
You knew the following spells:

 Your Spells              Type           Power        Failure   Level  Hunger
a - Sting                 Conj/Pois      ##..         6%          1    None
b - Cure Poison           Pois           ###.......   3%          2    ##.....
c - Mephitic Cloud        Conj/Pois/Air  ##......     24%         3    ###....


Dungeon Overview and Level Annotations

Branches:
Dungeon (4/15)
 Temple: D:4-7

Altars:


Innate Abilities, Weirdness & Mutations

You are tiny and cannot use many weapons and most armour.
You have supernaturally acute eyesight.
You are a herbivore.
You cover ground extremely quickly.
You need consume almost no food.


Message History

The magic dart hits you!
Casting: Sting
Confirm with . or Enter, or press ? or * to list all spells.
You don't know that spell.
You hit the orc wizard but do no damage.
The orc wizard is moderately wounded.
The orc wizard gestures at you while chanting.
The magic dart hits you!
The orc wizard hits you but does no damage.
The orc wizard gestures at you while chanting.
The magic dart hits you!
* * * LOW HITPOINT WARNING * * *
The orc wizard mumbles some strange words.
The orc wizard blinks!
The orc wizard closely misses you.
The orc wizard gestures wildly while chanting.
The orc wizard blinks!
The orc wizard gestures at you while chanting.
The magic dart hits you!
You die...

#######..........###
.....................
#......#.###.######## #.....
#.# #...# #... #.# ###.# #####
##.# #.# ##.# #....
#...##..######.####..######....
#...........)...o........).....
#.[.###.......@###.########....
#..##......(...#..# #.##.
#................## #.# .
###..##...........## #.# .
#...# #.<.........# ... .
##.#.# #..........## # .## #
...#.###.......(..# .##.
...<..###.........# ..###
.......###.#..###.# ##..#


You could see an orc wizard.

Vanquished Creatures
  4 gnolls (D:2)
  4 adders
  2 worms (D:2)
  3 giant geckos (D:2)
  4 orcs (D:3)
  6 bats
  5 giant cockroaches
  7 goblins
  4 hobgoblins
  7 jackals
  A quokka (D:2)
  2 giant newts (D:1)
  7 kobolds
  A rat (D:2)
57 creatures vanquished.

Notes
Turn   | Place    | Note
--------------------------------------------------------------
     0 | D:1      | juanjsm the Spriggan Venom Mage began the quest for the Orb.
     0 | D:1      | Reached XP level 1. HP: 9/9 MP: 5/5
   352 | D:1      | Reached XP level 2. HP: 7/13 MP: 0/6
   356 | D:1      | Learned a level 2 spell: Cure Poison
   761 | D:2      | Reached XP level 3. HP: 16/16 MP: 5/8
   766 | D:2      | Learned a level 3 spell: Mephitic Cloud
  1083 | D:2      | Reached XP level 4. HP: 21/21 MP: 1/9
  1178 | D:2      | Reached skill level 1 in Conjurations
  2260 | D:3      | Reached XP level 5. HP: 24/24 MP: 1/11
  2272 | D:3      | Killed from afar by an orc wizard

Action                   |  1- 3 |  4- 6 || total
-------------------------+-------+-------++-------
Melee: Unarmed           |    17 |       ||    17
       Dagger            |    17 |    37 ||    54
 Fire: Hunting sling     |     6 |    12 ||    18
 Cast: Sting             |    46 |    50 ||    96
       Mephitic Cloud    |     1 |     1 ||     2
 Stab: Sleeping          |     8 |     3 ||    11
